 Dungeon Sprint DCSS version 0.19-a0-459-gb8ed64d (webtiles) character file.

13461 Kidiri the Destroyer (level 12, -4/63 HPs)
             Began as a Gargoyle Fire Elementalist on June 2, 2016.
             Was the Champion of Vehumet.
             Slain by a merfolk impaler
             ... wielding a +0 trident
              (7 damage)
             ... in the Dungeon (Sprint VII: "The Pits").
             The game lasted 00:33:44 (3599 turns).

Kidiri the Destroyer (Gargoyle Fire Elementalist)   Turns: 3599, Time: 00:33:45

Health: -4/63      AC: 25    Str: 13    XL:     12   Next: 6%
Magic:  7/27       EV: 18    Int: 20    God:    Vehumet [******]
Gold:   32         SH:  0    Dex: 10    Spells: 9 memorised, 3 levels left

rFire  . . .     SeeInvis .     r - +6 mace (protect)
rCold  + . .     Gourm    .     A - +0 leather armour
rNeg   + . .     Faith    .     (no shield)
rPois  ∞         Spirit   .     y - +0 helmet
rElec  +         Dismiss  .     (no cloak)
rCorr  .         Reflect  .     (no gloves)
SustAt .         Harm     .     x - +0 pair of boots
MR     .....     NoTele   +     (no amulet)
Stlth  ++........               s - +3 ring of protection
                                k - +3 ring of evasion

@: mesmerised, not resistant to hostile enchantments, unstealthy
A: rugged brown scales 1, blurry vision 1, cold resistance 1, frail 2, negative
energy resistance 1, electricity resistance, unbreathing, evolution 1,
petrification resistance, rot immunity, subdued magic 1, AC +8
a: Renounce Religion


You were in the Dungeon.
You worshipped Vehumet.
Vehumet was exalted by your worship.
You were not hungry.

You visited 1 branch You collected 32 gold pieces.

Inventory:

Hand Weapons
 r - a +6 mace of protection (weapon)
Armour
 x - a +0 pair of boots (worn)
 y - a +0 helmet (worn)
 A - a +0 leather armour (worn)
Jewellery
 k - a +3 ring of evasion (left hand)
 s - a +3 ring of protection (right hand)
Scrolls
 h - a scroll of fog
 i - a scroll of blinking
 o - 4 scrolls of remove curse
 p - 4 scrolls of amnesia
 q - a scroll of summoning
 B - 3 scrolls of fear
 C - a scroll of recharging
 E - a scroll of identify
Potions
 d - 9 potions of curing
 e - 6 potions of heal wounds
 f - a potion of haste
 j - 3 potions of brilliance
 n - a potion of invisibility
 t - 2 potions of might
 u - a potion of cure mutation
 v - a potion of resistance
 w - a potion of agility
 F - a potion of flight
Books
 b - a book of Flames

   Spells                             Type                      Level
   a - Flame Tongue                   Conjuration/Fire             1
   b - Throw Flame                    Conjuration/Fire             2
   c - Conjure Flame                  Conjuration/Fire             3
   d - Inner Flame                    Hexes/Fire                   3
   e - Sticky Flame                   Conjuration/Fire             4
   f - Fireball                       Conjuration/Fire             5
Comestibles
 c - 7 bread rations
 l - 39 fruits
 m - 8 meat rations


   Skills:
 + Level 10.0 Fighting
 + Level 9.1 Maces & Flails
 + Level 10.1 Armour
 + Level 7.9 Dodging
 - Level 2.1 Stealth
 * Level 11.9 Spellcasting
 * Level 13.7 Conjurations
 * Level 13.1 Fire Magic
 * Level 6.9 Air Magic
 * Level 5.1 Earth Magic


You had 3 spell levels left.
You knew the following spells:

 Your Spells              Type           Power        Failure   Level  Hunger
a - Flame Tongue          Conj/Fire      #####        0%          1    None
b - Throw Flame           Conj/Fire      ######       1%          2    None
c - Conjure Flame         Conj/Fire      ######..     1%          3    None
d - Inner Flame           Hex/Fire       ####....     1%          3    None
e - Sticky Flame          Conj/Fire      ######..     1%          4    #......
f - Fireball              Conj/Fire      ######....   1%          5    ####...
g - Delayed Fireball      Conj/Fire      N/A          7%          7    #######
h - Freezing Cloud        Conj/Ice/Air   ####......   24%         6    ######.
i - Lee's Rapid Deconstr  Erth           ####......   5%          5    ####...


Dungeon Overview and Level Annotations

Branches:
Dungeon (1/1)

Altars:
Ashenzari
Cheibriados
Dithmenos
Elyvilon
Fedhas
Gozag
Kikubaaqudgha
Makhleb
Nemelex Xobeh
Okawaru
Pakellas
Qazlal
Ru
Sif Muna
Trog
Vehumet
Xom
Yredelemnul
Zin
The Shining One
Beogh
Jiyva
Lugonu

Annotations:
D Ilsuiw


Innate Abilities, Weirdness & Mutations

You are resistant to torment.
Your stone body is resilient. (AC +8)
You are immune to poison.
You resist negative energy. (rN+)
You are resistant to electric shocks. (rElec)
You can survive without breathing.
You are immune to petrification.
You are immune to rotting.
You are partially covered in rugged brown scales. (AC +1, +3% HP)
Scrolls take you a little longer to read.
Your flesh is cold resistant. (rC+)
You are very frail. (-20% HP)
You evolve.
Your spells are a little easier to cast, but a little less powerful.


Message History

Something completely misses you.
The siren chants its luring song.
The merfolk hits you but does no damage.
The siren chants its luring song.
You barely miss the water elemental.
The water elemental is moderately damaged.
The water elemental barely misses you.
You hear some strange, mumbled words.
The siren chants its luring song.
The merfolk barely misses you. The merfolk impaler closely misses you.
Unknown command.
You hit the water elemental but do no damage.
The water elemental is moderately damaged.
The water elemental disappears in a puff of smoke! x2
The merfolk impaler misses you. Something hits you but does no damage.
The siren chants its luring song.
Unknown command.
The merfolk barely misses you.
The merfolk impaler hits you with a trident!
You die...

############ #__________#
#__________#
#_#####+##############++#####
#_#)))+.+..##................
#_#.))#.#?(##.E....#..#......
#######'#####mm..............
#........).)@)§....).........
#+#####+#####mm....#..#......
#.#÷.#...+.##EE..............
#.#..#...#.#####+#####++#####
#.#..#####.##.......##++#####
#.#..+...#.##.......##....(.'
#.#..+...+.##.......##.....['
#.#..########...<...##.....##
#.#..+.)))[##.......##..)###.


You could see a merfolk impaler (inner flame), a merfolk, 3 water elementals and
2 sirens.

Vanquished Creatures
  A ghost moth (D)
  2 vampire magi (D)
  A spriggan (D)
  2 deep trolls (D)
  An orc knight (D)
  2 deep elf magi (D)
  An orc sorcerer (D)
  2 griffons (D)
  A guardian serpent (D)
  An orange demon (D)
  A molten gargoyle (D)
  3 efreet (D)
  An ice devil (D)
  A freezing wraith (D)
  A guardian mummy (D)
  A merfolk (D)
  A red devil (D)
  A polar bear (D)
  4 blink frogs (D)
  A boulder beetle (D)
  A shadow (D)
  2 wraiths (D)
  2 basilisks (D)
  A hungry ghost (D)
  Grum (D)
  A warg (D)
  4 giant eyeballs (D)
  A sky beast (D)
  3 orc warriors (D)
  2 wasps (D)
  6 wolves (D)
  A crocodile (D)
  2 big kobolds (D)
  A killer bee (D)
  2 crimson imps (D)
  2 orc priests (D)
  A jelly (D)
  An orc wizard (D)
  A gnoll shaman (D)
  3 iron imps (D)
  A worker ant (D)
  5 gnolls (D)
  An adder (D)
  2 river rats (D)
  An ufetubus (D)
  A giant gecko (D)
  4 orcs (D)
  3 giant cockroaches (D)
  2 goblins (D)
  A hobgoblin (D)
  3 jackals (D)
  A quokka (D)
  2 rats (D)
94 creatures vanquished.

Vanquished Creatures (others)
  An eye of draining (D)
1 creature vanquished.

Grand Total: 95 creatures vanquished

Notes
Turn   | Place    | Note
--------------------------------------------------------------
     0 | D        | Kidiri the Gargoyle Fire Elementalist began the quest for the Orb.
     0 | D        | Reached XP level 1. HP: 10/10 MP: 3/3
    72 | D        | Found a sacrificial altar of Ru.
    72 | D        | Found a basalt altar of Yredelemnul.
    72 | D        | Found a shadowy altar of Dithmenos.
    72 | D        | Found a deep blue altar of Sif Muna.
    72 | D        | Found a burning altar of Makhleb.
    72 | D        | Found a shimmering altar of Xom.
    72 | D        | Found an ancient bone altar of Kikubaaqudgha.
    72 | D        | Found a sparkling altar of Nemelex Xobeh.
    73 | D        | Found a glowing golden altar of the Shining One.
    73 | D        | Found a bloodstained altar of Trog.
    73 | D        | Found a shattered altar of Ashenzari.
    73 | D        | Found a white marble altar of Elyvilon.
    73 | D        | Found a snail-covered altar of Cheibriados.
    73 | D        | Found a blossoming altar of Fedhas.
    73 | D        | Found a radiant altar of Vehumet.
    73 | D        | Found a glowing silver altar of Zin.
    73 | D        | Found a corrupted altar of Lugonu.
    73 | D        | Found a viscous altar of Jiyva.
    73 | D        | Found a roughly hewn altar of Beogh.
    73 | D        | Found an iron altar of Okawaru.
    74 | D        | Found an oddly glowing altar of Pakellas.
    79 | D        | Found a stormy altar of Qazlal.
    79 | D        | Found an opulent altar of Gozag.
    81 | D        | Became a worshipper of Vehumet
    99 | D        | Reached skill level 1 in Armour
   100 | D        | Reached XP level 2. HP: 12/16 MP: 2/5
   108 | D        | Learned a level 2 spell: Throw Flame
   169 | D        | Noticed a giant eyeball
   171 | D        | Noticed a giant eyeball
   174 | D        | Killed a giant eyeball
   174 | D        | Reached * piety under Vehumet
   174 | D        | Offered knowledge of Magic Dart by Vehumet.
   174 | D        | Reached skill level 5 in Fire Magic
   174 | D        | Reached XP level 3. HP: 22/22 MP: 0/8
   174 | D        | Reached XP level 4. HP: 27/27 MP: 0/10
   177 | D        | Killed a giant eyeball
   177 | D        | Reached skill level 5 in Spellcasting
   177 | D        | Reached skill level 5 in Conjurations
   177 | D        | Reached XP level 5. HP: 33/33 MP: 0/12
   182 | D        | Learned a level 3 spell: Conjure Flame
   186 | D        | Learned a level 3 spell: Inner Flame
   191 | D        | Learned a level 4 spell: Sticky Flame
   271 | D        | Reached ** piety under Vehumet
   298 | D        | Noticed a giant eyeball
   303 | D        | Killed a giant eyeball
   303 | D        | Reached XP level 6. HP: 39/39 MP: 9/14
   324 | D        | Offered knowledge of Throw Frost by Vehumet.
   503 | D        | Noticed a warg
   504 | D        | Noticed an orc warrior
   507 | D        | Noticed a hungry ghost
   508 | D        | Killed a warg
   508 | D        | Offered knowledge of Ignite Poison by Vehumet.
   508 | D        | Reached skill level 5 in Fighting
   508 | D        | Reached XP level 7. HP: 38/44 MP: 4/16
   509 | D        | Reached *** piety under Vehumet
   516 | D        | Reached skill level 5 in Armour
   516 | D        | Killed a hungry ghost
   516 | D        | Reached **** piety under Vehumet
   523 | D        | Learned a level 5 spell: Fireball
   525 | D        | Reached ***** piety under Vehumet
   525 | D        | Reached skill level 5 in Maces & Flails
   525 | D        | Reached XP level 8. HP: 29/51 MP: 13/18
   572 | D        | Gained mutation: You are frail. (-10% HP) [mutagenic meat]
   573 | D        | Gained mutation: Scrolls take you a little longer to read. [mutagenic meat]
   574 | D        | Gained mutation: You tend to lose your temper in combat. [mutagenic meat]
   575 | D        | Gained mutation: You evolve. [mutagenic meat]
   576 | D        | Gained mutation: Your spells are a little easier to cast, but a little less powerful. [mutagenic meat]
   577 | D        | Gained mutation: You are partially covered in rugged brown scales. (AC +1, +3% HP) [mutagenic meat]
   641 | D        | Learned a level 3 spell: Ignite Poison
   644 | D        | Offered knowledge of Airstrike by Vehumet.
   773 | D        | Lost mutation: You are frail. (-10% HP) [evolution]
   805 | D        | Offered knowledge of Iskenderun's Mystic Blast by Vehumet.
   809 | D        | Paralysed by a giant eyeball for 4 turns
   820 | D        | Paralysed by a giant eyeball for 4 turns
   904 | D        | Noticed Grum
   904 | D        | Noticed a blink frog
   904 | D        | Noticed a blink frog
   904 | D        | Noticed a blink frog
   904 | D        | Noticed a blink frog
   910 | D        | Killed a blink frog
   910 | D        | Reached skill level 5 in Dodging
   911 | D        | Killed a blink frog
   916 | D        | Killed a blink frog
   916 | D        | Reached XP level 9. HP: 23/57 MP: 6/21
   918 | D        | Reached ****** piety under Vehumet
   919 | D        | Killed Grum
   919 | D        | Reached skill level 10 in Conjurations
  1144 | D        | Noticed a deep elf mage
  1144 | D        | Noticed a freezing wraith
  1146 | D        | Killed a freezing wraith
  1146 | D        | Offered knowledge of Freezing Cloud by Vehumet.
  1146 | D        | Reached skill level 10 in Fire Magic
  1149 | D        | Killed a deep elf mage
  1213 | D        | Learned a level 6 spell: Freezing Cloud
  1220 | D        | Noticed a griffon
  1225 | D        | Offered knowledge of Orb of Destruction by Vehumet.
  1225 | D        | Reached skill level 1 in Air Magic
  1226 | D        | Noticed an orc knight
  1227 | D        | Killed a griffon
  1227 | D        | Reached XP level 10. HP: 65/65 MP: 15/23
  1237 | D        | Killed an orc knight
  1237 | D        | Reached skill level 10 in Spellcasting
  1469 | D        | Offered knowledge of Delayed Fireball by Vehumet.
  1473 | D        | Noticed a griffon
  1498 | D        | Killed a griffon
  1515 | D        | Learned a level 7 spell: Delayed Fireball
  1619 | D        | Noticed a deep troll
  1643 | D        | Killed a deep troll
  1911 | D        | Noticed a vampire mage
  1927 | D        | Killed a vampire mage
  1927 | D        | Offered knowledge of Lee's Rapid Deconstruction by Vehumet.
  1927 | D        | Reached XP level 11. HP: 73/73 MP: 13/25
  1929 | D        | Noticed a deep elf mage
  1935 | D        | Killed a deep elf mage
  1935 | D        | Reached skill level 5 in Air Magic
  1977 | D        | Noticed a ghost moth
  1996 | D        | Killed a ghost moth
  2011 | D        | Gained mutation: You are frail. (-10% HP) [mutagenic meat]
  2016 | D        | Gained mutation: Your flesh is cold resistant. (rC+) [mutagenic meat]
  2018 | D        | Gained mutation: You are very frail. (-20% HP) [mutagenic meat]
  2019 | D        | Lost mutation: You tend to lose your temper in combat. [mutagenic meat]
  2068 | D        | Learned a level 5 spell: Lee's Rapid Deconstruction
  2148 | D        | Offered knowledge of Bolt of Fire by Vehumet.
  2317 | D        | Reached skill level 1 in Earth Magic
  2387 | D        | Offered knowledge of Ozocubu's Refrigeration by Vehumet.
  2625 | D        | Noticed a deep troll
  2639 | D        | Killed a deep troll
  2851 | D        | Noticed a spriggan rider
  2859 | D        | Killed a spriggan rider
  2859 | D        | Offered knowledge of Conjure Ball Lightning by Vehumet.
  2964 | D        | Reached skill level 10 in Armour
  3035 | D        | Noticed a vampire mage
  3057 | D        | Noticed a phantasmal warrior
  3057 | D        | Killed a vampire mage
  3219 | D        | Reached XP level 12. HP: 38/63 MP: 17/27
  3335 | D        | Reached skill level 10 in Fighting
  3335 | D        | Reached skill level 5 in Earth Magic
  3476 | D        | Noticed Ilsuiw
  3477 | D        | Noticed a merfolk impaler
  3596 | D        | HP: 2/63 [water elemental[Ilsuiw] (8)]
  3599 | D        | Slain by a merfolk impaler

Vault maps used:
D:        pitsprint

Skill      XL: |  1  2  3  4  5  6  7  8  9 10 11 12 |
---------------+-------------------------------------+-----
Armour         | 1 3 4 5 6 7 9 10 | 10.1
Fighting       | 2 3 4 5 6 7 9 10 | 10.0
Maces & Flails | 2 3 4 5 6 7 8 9 |  9.1
Dodging        | 2 3 4 5 6 7 |  7.9
Spellcasting   | 4 5 6 7 8 9 10 11 | 11.9
Conjurations   | 4 5 6 7 8 9 11 12 13 | 13.7
Fire Magic     | 5 6 7 8 9 10 12 13 | 13.1
Air Magic      | 1 4 6 |  6.9
Earth Magic    | 4 5 |  5.1
Stealth        | |  2.1

Action                   |  1- 3 |  4- 6 |  7- 9 | 10-12 || total
-------------------------+-------+-------+-------+-------++-------
Melee: Unarmed           |     9 |       |       |       ||     9
       Mace              |       |    20 |    22 |   138 ||   180
 Cast: Flame Tongue      |    10 |     7 |    23 |    75 ||   115
       Throw Flame       |       |     1 |       |     7 ||     8
       Conjure Flame     |       |     1 |     7 |    10 ||    18
       Sticky Flame      |       |     1 |     5 |    27 ||    33
       Inner Flame       |       |     1 |     5 |     6 ||    12
       Fireball          |       |       |     5 |    17 ||    22
       Delayed Fireball  |       |       |       |     1 ||     1
       Freezing Cloud    |       |       |       |     2 ||     2
       Lee's Rapid Decon |       |       |       |     2 ||     2
 Abil: Release Delayed F |       |       |       |     1 ||     1
  Use: Potion            |       |       |     4 |    14 ||    18
       Scroll            |       |       |       |     4 ||     4
 Stab: Invisible         |       |       |       |     1 ||     1
  Eat: Chunk             |       |       |     8 |    20 ||    28
       Fruit             |       |       |     1 |       ||     1
       Bread ration      |       |       |       |     1 ||     1
       Pizza             |       |       |       |     1 ||     1
Armor: Robe              |     3 |     6 |    16 |       ||    25
       Leather armour    |       |       |       |   139 ||   139
Dodge: Dodged            |    12 |     8 |    23 |   208 ||   251
